 Dungeon Crawl Stone Soup version 0.24-a0-179-g7a2c91a (console) character file.

Game seed: 13049665103004753999

516031 Duffy the Executioner (level 25, -6/236 HPs)
             Began as a Naga Gladiator on Mar 13, 2019.
             Was the Champion of the Shining One.
             Mangled by a white very ugly thing (19 damage)
             ... on level 4 of the Depths.
             The game lasted 01:51:17 (83215 turns).

Duffy the Executioner (Naga Gladiator)             Turns: 83215, Time: 01:51:18

Health: -6/236     AC: 36    Str: 17    XL:     25   Next: 71%
Magic:  37/37      EV: 24    Int: 22    God:    the Shining One [******]
Gold:   1014       SH:  0    Dex: 22    Spells: 30/44 levels left

rFire    + . .     SeeInvis +   a - +9 executioner's axe (freeze)
rCold    + . .     Gourm    .   (shield currently unavailable)
rNeg     + + +     Faith    .   g - +5 ring mail "Ogashr Coxe" {Int+5}
rPois    +         Spirit   .   w - +2 hat {MR+}
rElec    .         Reflect  .   C - +1 cloak
rCorr    .         Harm     .   j - +3 pair of gauntlets of War {Slay+5}
MR       +++++                  h - +1 naga barding {Fly}
Stlth    +.........             t - amulet "Zuxis" {Acrobat Dex+6}
HPRegen  0.49/turn              U - +5 ring of evasion
MPRegen  0.25/turn              S - ring "Wownuiwi" {rF+ rC+ MR+}

@: about to teleport, flying, glowing, very slow
A: large, see invisible, deformed body, poison resistance, slowness 2, slow
metabolism 1, spit poison 1, constrict 1, AC +8
}: 2/15 runes: serpentine, barnacled
a: Spit Poison, Divine Shield, Cleansing Flame, Summon Divine Warrior, Brand
Weapon With Holy Wrath, Renounce Religion, Stop Flying


You were on level 4 of the Depths.
You worshipped the Shining One.
The Shining One was exalted by your worship.
You were hungry.

You visited 9 branches of the dungeon, and saw 44 of its levels.
You visited 1 bazaar.
You also visited: Bailey and Ice Cave.

You collected 6943 gold pieces.
You spent 5929 gold pieces at shops.

Inventory:

Hand Weapons
 a - a +9 executioner's axe of freezing (weapon)
 N - the +3 Elemental Staff {rElec rF++ rC++ MR++ AC+5}
   (You found it on level 3 of the Elven Halls)

   It affects your AC (+5).
   It greatly protects you from fire.
   It greatly protects you from cold.
   It insulates you from electricity.
   It affects your resistance to hostile enchantments.
Missiles
 Y - 3 throwing nets (quivered)
Armour
 g - the +5 ring mail "Ogashr Coxe" (worn) {Int+5}
   (You found it on level 4 of the Shoals)

   It affects your intelligence (+5).
 h - a +1 naga barding of flying (worn)
 j - the +3 pair of gauntlets of War (worn) {Slay+5}
   (You acquired it on level 3 of the Vaults)

   It affects your accuracy and damage with ranged weapons and melee attacks
   (+5).
 v - a +2 naga barding of stealth
 w - a +2 hat of magic resistance (worn)
 C - a +1 cloak (worn)
Jewellery
 b - the ring of Agomu {+Blink rPois rC+}
   (You took it off a deep elf elementalist on level 3 of the Elven Halls)

   [ring of poison resistance]

   It protects you from cold.
   It protects you from poison.
   It lets you blink.
 t - the amulet "Zuxis" (around neck) {Acrobat Dex+6}
   (You found it on level 4 of the Dungeon)

   [amulet of the acrobat]

   It helps you evade while moving and waiting.
   It affects your dexterity (+6).
 S - the ring "Wownuiwi" (right hand) {rF+ rC+ MR+}
   (You found it on level 3 of the Elven Halls)

   [ring of protection from cold]

   It protects you from fire.
   It protects you from cold.
   It affects your resistance to hostile enchantments.
 U - a +5 ring of evasion (left hand)
Wands
 s - a wand of digging (9)
 E - a wand of paralysis (16)
 J - a wand of acid (7)
 R - a wand of enslavement (6)
 W - a wand of iceblast (10)
Scrolls
 i - 4 scrolls of summoning
 n - 17 scrolls of remove curse
 y - 9 scrolls of blinking
 z - 25 scrolls of identify
 A - 6 scrolls of teleportation
 B - 12 scrolls of immolation
 F - 3 scrolls of silence
 G - 5 scrolls of magic mapping
 L - 4 scrolls of fear
 M - 11 scrolls of fog
 V - 4 scrolls of enchant armour
Potions
 d - 9 potions of magic
 e - 5 potions of lignification
 k - 12 potions of might
 l - 3 potions of agility
 o - 3 potions of berserk rage
 p - 14 potions of curing
 q - 5 potions of brilliance
 r - 5 potions of mutation
 u - 4 potions of flight
 x - 11 potions of heal wounds
 D - 3 potions of haste
 O - 2 potions of resistance
 X - a potion of cancellation
Miscellaneous
 m - a lamp of fire
 H - 2 phantom mirrors
 K - a phial of floods
 T - 4 boxes of beasts
 Z - a fan of gales
Comestibles
 c - 5 chunks of flesh
 f - 43 rations


   Skills:
 + Level 15.8 Fighting
 - Level 22.0 Axes
 - Level 1.7 Throwing
 + Level 15.5 Armour
 + Level 15.5 Dodging
 - Level 10.0 Spellcasting
 - Level 6.0 Hexes
 - Level 6.0 Charms
 - Level 5.0 Summonings
 - Level 10.0 Translocations
 - Level 6.0 Transmutations
 - Level 6.0 Earth Magic
 - Level 14.0 Invocations
 - Level 10.0 Evocations


You had 30 spell levels left.
You knew the following spells:

 Your Spells              Type           Power        Failure   Level  Hunger
h - Lesser Beckoning      Tloc           ######....   1%          3    None
j - Apportation           Tloc           ######       1%          1    None
k - Song of Slaying       Chrm           #####...     1%          2    None
l - Spectral Weapon       Hex/Chrm       #####...     2%          3    None
p - Passwall              Tmut/Erth      #####...     1%          2    None
u - Summon Butterflies    Summ           ####....     1%          1    None
B - Blink                 Tloc           N/A          1%          2    None

Your spell library contained the following spells:

 Spells                   Type           Power        Failure   Level  Hunger
 Beastly Appendage        Tmut           #####.       1%          1    None
 Confusing Touch          Hex            #####.       1%          1    None
 Infusion                 Chrm           ####         1%          1    None
 Sandblast                Erth           #####.       1%          1    None
 Call Imp                 Summ           ####....     1%          2    None
 Shroud of Golubria       Chrm/Tloc      #####.....   1%          2    None
 Slow                     Hex            #####...     1%          2    None
 Sticks to Snakes         Tmut           #####...     1%          2    None
 Gell's Gravitas          Tloc           ######....   1%          3    None
 Recall                   Summ/Tloc      N/A          1%          3    None
 Confuse                  Hex            #####...     2%          3    None
 Summon Guardian Golem    Hex/Summ       #####...     2%          3    None
 Tukima's Dance           Hex            #####...     2%          3    None
 Call Canine Familiar     Summ           ####....     3%          3    None
 Dazzling Spray           Conj/Hex       ###...       8%          3    None
 Inner Flame              Hex/Fire       ###.....     8%          3    None
 Regeneration             Chrm/Necr      ###.......   8%          3    None
 Spider Form              Tmut/Pois      ###.......   8%          3    None
 Stone Arrow              Conj/Erth      ###...       8%          3    None
 Leda's Liquefaction      Hex/Erth       #####.....   8%          4    ##.....
 Petrify                  Tmut/Erth      #####...     8%          4    ##.....
 Animate Skeleton         Necr           N/A          9%          1    None
 Flame Tongue             Conj/Fire      ##...        9%          1    None
 Magic Dart               Conj           ##..         9%          1    None
 Pain                     Necr           ##..         9%          1    None
 Force Lance              Conj/Tloc      ####....     12%         4    ##.....
 Summon Forest            Summ/Tloc      #####.....   12%         5    ####...
 Corpse Rot               Necr           N/A          14%         2    None
 Searing Ray              Conj           ##....       14%         2    None
 Sublimation of Blood     Necr           ##........   14%         2    None
 Throw Flame              Conj/Fire      ##....       14%         2    None
 Blade Hands              Tmut           #####.....   22%         5    ####...
 Lee's Rapid Deconstruct  Erth           #####.....   22%         5    ####...
 Yara's Violent Unravell  Hex/Tmut       #####.....   22%         5    ####...
 Conjure Flame            Conj/Fire      ##......     26%         3    None
 Mephitic Cloud           Conj/Pois/Air  ##......     26%         3    None
 Vampiric Draining        Necr           ##........   26%         3    None
 Fulminant Prism          Conj/Hex       ###.......   26%         4    ##.....
 Ice Form                 Ice/Tmut       ###.....     26%         4    ##.....
 Summon Mana Viper        Hex/Summ       #####...     26%         5    ####...
 Aura of Abjuration       Summ           ####......   32%         5    ####...
 Summon Demon             Summ           ####......   32%         5    ####...
 Alistair's Intoxication  Tmut/Pois      ###.....     58%         5    ####...
 Excruciating Wounds      Chrm/Necr      ###.......   58%         5    ####...
 Metabolic Englaciation   Hex/Ice        ###.......   58%         5    ####...
 Animate Dead             Necr           N/A          65%         4    ##.....
 Iskenderun's Mystic Bla  Conj           ##......     65%         4    ##.....
 Sticky Flame             Conj/Fire      ##......     65%         4    ##.....
 Bolt of Magma            Conj/Fire/Erth ###.......   73%         5    ####...
 Hydra Form               Tmut           #####.....   75%         6    ######.
 Invisibility             Hex            #####...     75%         6    ######.
 Statue Form              Tmut/Erth      #####....    75%         6    ######.
 Shadow Creatures         Summ           N/A          87%         6    ######.
 Agony                    Necr           ##......     94%         5    ####...
 Bolt of Draining         Conj/Necr      ##........   94%         5    ####...
 Dispel Undead            Necr           ##......     94%         5    ####...
 Fireball                 Conj/Fire      ##........   94%         5    ####...
 Iron Shot                Conj/Erth      ###.......   99%         6    ######.
 Summon Hydra             Summ           ####......   100%        7    #######
 Shatter                  Erth           #####.....   100%        9    #######


Dungeon Overview and Level Annotations

Branches:
Dungeon (15/15)            Temple (1/1) D:7            Lair (6/6) D:8
 Shoals (4/4) Lair:2        Snake (4/4) Lair:3        Slime (0/5) Lair:5
    Orc (2/2) D:11            Elf (3/3) Orc:2        Vaults (4/5) D:14
  Crypt (0/3) Vaults:3     Depths (5/5) D:15
    Zot: Depths:5

Altars:
Ashenzari
Cheibriados
Dithmenos
Elyvilon
Fedhas
Gozag
Hepliaklqana
Kikubaaqudgha
Makhleb
Nemelex Xobeh
Okawaru
Qazlal
Ru
Sif Muna
Trog
Uskayaw
Vehumet
Wu Jian
Xom
Yredelemnul
Zin
The Shining One
Beogh

Shops:
D:4 %   D:5 *   D:13 [   Orc:2 ?%[=   Elf:1 *   Shoals:1 (*   Snake:1 }?**:
Snake:2 }[   Vaults:3 ?   Depths:2 =

Portals:
Hell: Lair:6 Depths:1 Depths:2 Depths:3
Pandemonium: Depths:3
Ziggurat: Depths:2
Trove: Depths:1 (give +5 demon blade)

Annotations:
Depths:4 Margery


Innate Abilities, Weirdness & Mutations

You cannot wear boots.
Your serpentine skin is tough. (AC +8)
You have supernaturally acute eyesight. (SInv)
Armour fits poorly on your strangely shaped body.
Your system is resistant to poisons. (rPois)
You cover ground very slowly.
You have a slow metabolism.
You can spit poison.
You can use your snake-like lower body to constrict enemies.


Message History

The white very ugly thing tentacle-slaps you but does no damage.
The white very ugly thing completely misses you.
The stone giant hits you!!
You slash the white very ugly thing!
The white very ugly thing is almost dead.
You hit the stone giant but do no damage.
You slash the white very ugly thing!
You constrict the white very ugly thing.
The white very ugly thing barely misses you.
The white very ugly thing punches you but does no damage.
The stone giant closely misses you.
As you read the scroll of teleportation, it crumbles to dust.
You feel strangely unstable.
You constrict the white very ugly thing.
The white very ugly thing tentacle-slaps you!
The white very ugly thing freezes you! You resist.
The white very ugly thing basks in the mutagenic energy from its kin and changes!
The stone giant misses you. The white very ugly thing punches you!
The white very ugly thing freezes you!! You resist.
You die...

.....^#.....#. #. .# .....$#..^..#.
#. .# ..... #.....#. #. .' .....
#.....#. #. .# .... #.....## ##.
.## .... #.....## ..#.. ....
#[....# #########^##########W....
#.....# .......((.(......@uu.....
#.....## ...%.............uC......
#.....#. ...............(.u.......
#.....#. .......(..)))............
#.....#.
#########)##################.....##
(...(...%)....[..................##
.........).(...............%.....#.
.................................##
###################################


You could see 4 very ugly things, a stone giant and a flayed ghost.

Vanquished Creatures
  An ancient lich (Depths:1)
  Mennas (Depths:4)
  A juggernaut (Depths:4)
  Vashnia (Snake:3)
  A caustic shrike (Depths:4)
  7 golden dragons (Depths:4)
  The ghost of Yket the Impregnable, a veteran GrBe of Trog (Depths:1)
  Nikola (Elf:3)
  5 liches
  Jorgrun (Orc:1)
  3 tentacled monstrosities
  Asterion (Snake:3)
  A titan (Depths:4)
  2 deep elf blademasters (Elf:3)
  A quicksilver dragon (Depths:4)
  4 deep elf master archers (Elf:3)
  The ghost of barakagiga the Bludgeoner, an adept GrBe of Trog (Elf:3)
  A sphinx (shapeshifter) (Vaults:3)
  3 sphinxes
  The ghost of Ysiri the Unseen, an adept FeEE of Ashenzari (Shoals:1)
  2 krakens
  Donald (Snake:1)
  2 shadow dragons (Depths:2)
  Roxanne (Elf:3)
  Ilsuiw (Shoals:4)
  3 tengu reavers
  11 nagarajas
  A fire giant (Depths:3)
  An orc warlord (Depths:4)
  13 deep elf sorcerers
  7 vault wardens
  Aizul (Snake:1)
  4 frost giants
  6 deep elf elementalists
  2 spriggan defenders (Depths:4)
  20 stone giants
  A war gargoyle (Vaults:2)
  10 very ugly things
  4 ironheart preservers
  Nessos (D:12)
  Azrael (Orc:2)
  A spectral titan (Depths:1)
  5 deep elf demonologists
  3 vampire knights
  11 deep elf annihilators
  The ghost of Lanoc the Cleaver, a journeyman HOGl of Uskayaw (D:13)
  4 spark wasps
  A blizzard demon (IceCv)
  7 merfolk javelineers
  Snorg (D:11)
  8 ettins
  4 deep elf death magi
  2 jiangshi (Depths:2)
  A spectral quicksilver dragon (Depths:1)
  9 fire dragons
  7 yaktaur captains
  Harold (D:6)
  A green death (Depths:3)
  8 merfolk impalers
  9 ice dragons
  30 naga warriors
  A spectral golden dragon (Depths:1)
  7 deep elf high priests
  6 great orbs of eyes
  A hell beast (Depths:2)
  12 hydras
  2 shambling mangroves (Lair:2)
  Erolcha (Orc:1)
  4 vault guards
  13 centaur warriors
  A juggernaut simulacrum (Depths:1)
  10 ogre magi
  A spectral tengu (Depths:1)
  6 merfolk avatars
  5 rakshasas
  2 spriggan air magi
  A catoblepas (Lair:5)
  7 anacondas
  41 two-headed ogres
  2 alligator snapping turtles (Shoals:4)
  3 satyrs
  8 deep troll shamans
  5 orc high priests (Orc:2)
  6 merfolk aquamancers
  6 deep troll earth magi
  8 tengu warriors
  23 naga sharpshooters
  24 dancing weapons
  3 vampire magi
  A queen ant (Lair:2)
  4 spriggan berserkers
  3 sun demons
  19 deep elf knights
  7 shock serpents
  11 skeletal warriors
  A soul eater (Depths:3)
  4 hell knights (Depths:1)
  5 salamander mystics
  3 iron trolls
  A sixfirhy (Depths:3)
  2 storm dragon skeletons (Vaults:3)
  A shadow wraith (Vaults:4)
  An unseen horror (shapeshifter) (Vaults:2)
  11 deep trolls
  7 sea snakes
  A flayed ghost (D:15)
  2 unseen horrors
  A harpy (shapeshifter) (Elf:2)
  15 deep elf archers
  2 glowing orange brains
  A quicksilver dragon simulacrum (Depths:1)
  A shadow dragon zombie (Vaults:4)
  A lindwurm (Lair:4)
  9 naga ritualists
  4 wizards
  11 ironbrand convokers
  72 deep elf magi
  An oklob plant (Lair:2)
  26 harpies
  4 necromancers
  28 orc knights
  4 orc sorcerers
  4 wolf spiders
  A human zombie (Vaults:4)
  30 ugly things
  2 fire giant zombies
  9 mana vipers
  A fire giant skeleton (Vaults:3)
  A tengu skeleton (Vaults:3)
  13 manticores
  7 cyclopes
  11 salamanders
  A frost giant skeleton (Vaults:3)
  33 naga magi
  18 fauns
  10 merfolk sirens
  A moth of wrath (shapeshifter) (Depths:4)
  6 vault sentinels
  7 elephants
  A black mamba (shapeshifter) (Vaults:4)
  8 guardian serpents
  43 black mambas
  A water nymph (shapeshifter) (Depths:1)
  A gargoyle (D:14)
  2 rust devils
  6 water nymphs
  A smoke demon (Lair:6)
  A spectral elf (Depths:1)
  2 ice statues (IceCv)
  A storm dragon simulacrum (Depths:1)
  A torpor snail (Lair:5)
  12 spiny frogs
  A yaktaur zombie (Vaults:4)
  5 rime drakes
  2 kobold demonologists
  An efreet (D:15)
  53 yaktaurs
  4 komodo dragons
  A rime drake (shapeshifter) (Vaults:3)
  3 freezing wraiths
  18 ice devils
  4 tengu conjurers
  2 yaktaurs (shapeshifter)
  A spectral glowing shapeshifter (Depths:1)
  3 meliai (D:14)
  2 yaktaur skeletons
  A meliai (shapeshifter) (Elf:1)
  A wind drake (shapeshifter) (D:13)
  36 merfolk
  A queen bee (Depths:4)
  A polar bear (Lair:4)
  A troll (shapeshifter) (Vaults:4)
  A red devil (Lair:6)
  A shadow dragon simulacrum (Depths:1)
  5 wind drakes
  9 hornets
  4 trolls
  10 snapping turtles
  A tengu simulacrum (Depths:1)
  73 slime creatures
  29 blink frogs
  A snapping turtle (shapeshifter) (Vaults:4)
  2 deep troll zombies (D:15)
  16 dream sheep
  12 hippogriffs
  2 air elementals
  A hippogriff (shapeshifter) (Vaults:3)
  3 centaur simulacra (D:13)
  A vampire (D:12)
  2 wraiths
  2 shadows
  81 yaks
  7 spriggans
  A wyvern (Lair:2)
  2 hogs (shapeshifter)
  4 fire bats (Depths:2)
  35 water elementals
  A fire bat (shapeshifter) (Depths:5)
  2 steam dragons
  5 fire elementals
  5 hungry ghosts
  3 basilisks
  73 nagas
  8 wargs
  2 acid dragons
  9 soldier ants (Lair:2)
  An acid dragon (shapeshifter) (Vaults:4)
  9 water moccasins
  9 hell hounds
  5 porcupines
  A swamp drake (shapeshifter) (Vaults:3)
  A deep troll skeleton (Vaults:3)
  2 floating eyes
  2 black bears
  54 orc warriors
  3 ice beasts
  3 sky beasts
  2 eyes of draining
  A necrophage (D:11)
  2 phantoms
  6 wolves
  The ghost of mortelune the Skirmisher, an amateur DsAK of Lugonu (D:4)
  50 ogres
  17 boggarts
  11 centaurs
  An elf skeleton (Vaults:3)
  5 human skeletons (Vaults:3)
  8 crocodiles
  2 big kobolds (D:4)
  16 bullfrogs
  An earth elemental (Elf:1)
  A gnoll sergeant (D:9)
  A water moccasin skeleton (D:11)
  10 scorpions
  19 killer bees (Depths:4)
  14 wights
  An electric eel (Orc:1)
  6 crimson imps
  A bullfrog zombie (D:7)
  5 centaur zombies
  7 hounds
  37 orc priests
  8 centaur skeletons
  A wyvern simulacrum (D:13)
  A gnoll shaman (D:5)
  6 jellies
  9 orc wizards
  A bullfrog skeleton (D:5)
  4 iguanas
  Jessica (D:8)
  27 worker ants
  3 bullfrog simulacra (D:13)
  A hound zombie (D:5)
  A howler monkey zombie (D:11)
  23 gnolls
  11 adders
  5 shadow imps
  7 white imps (IceCv)
  3 ufetubi (IceCv)
  6 oozes
  An adder skeleton (D:6)
  3 worms
  A dart slug (D:1)
  8 leopard geckos
  97 orcs
  8 bats
  5 giant cockroaches
  11 goblins
  10 hobgoblins
  14 jackals
  3 quokkas
  9 frilled lizards
  A jackal skeleton (D:6)
  24 kobolds
  A leopard gecko skeleton (D:6)
  10 rats
  8 fungi
  11 plants
  4 tentacles
2169 creatures vanquished.

Vanquished Creatures (collateral kills)
  A necromancer (Depths:1)
  A yak (D:13)
2 creatures vanquished.

Vanquished Creatures (others)
  An ironbrand convoker (Vaults:4)
  A deep elf mage (Elf:3)
  A naga mage (Snake:3)
  A black mamba (shapeshifter) (Vaults:2)
  2 white imps (IceCv)
  5 ufetubi (IceCv)
  7 fungi
  21 plants
  5 spectral weapons (Depths:4)
  4 tentacles
48 creatures vanquished.

Grand Total: 2219 creatures vanquished

Notes
Turn   | Place    | Note
-------+----------+-------------------------------------------
     0 | D:1      | Duffy the Naga Gladiator began the quest for the Orb.
     0 | D:1      | Reached XP level 1. HP: 19/19 MP: 1/1
    28 | D:1      | Reached XP level 2. HP: 18/26 MP: 2/2
   212 | D:1      | Reached skill level 4 in Axes
   366 | D:1      | Reached XP level 3. HP: 32/32 MP: 3/3
  1184 | D:1      | Reached skill level 1 in Armour
  1372 | D:2      | Reached XP level 4. HP: 39/39 MP: 4/4
  1459 | D:2      | Found a shattered altar of Ashenzari.
  1600 | D:2      | Noticed an ice beast
  1837 | D:3      | Found a faded altar of an unknown god.
  2144 | D:4      | Reached skill level 5 in Axes
  2144 | D:4      | Reached XP level 5. HP: 40/45 MP: 5/5
  2187 | D:4      | Noticed an ogre
  2224 | D:4      | Killed an ogre
  2224 | D:4      | Reached XP level 6. HP: 4/52 MP: 6/6
  2233 | D:4      | HP: 2/52 [poisoned by an adder]
  2570 | D:4      | Found a runed translucent gate.
  2570 | D:4      | Found a runed translucent gate.
  2570 | D:4      | Found a runed translucent gate.
  2571 | D:4      | Identified the +6 whip of Doom {pain, MR++ Int+3}
  2571 | D:4      | Noticed mortelune's ghost (amateur DsAK)
  2649 | D:4      | Found a basalt altar of Yredelemnul.
  3244 | D:4      | Found Gigi's Food Boutique.
  3320 | D:4      | Reached skill level 6 in Axes
  3321 | D:4      | Found a shimmering altar of Xom.
  3321 | D:4      | Found a shimmering altar of Xom.
  3361 | D:4      | Found a shimmering altar of Xom.
  3361 | D:4      | Found a shimmering altar of Xom.
  3363 | D:4      | Got a smoking ivory amulet
  3365 | D:4      | Identified the amulet "Zuxis" {Acrobat Dex+6} (You found it
                  | on level 4 of the Dungeon)
  3372 | D:4      | Found a shimmering altar of Xom.
  3374 | D:4      | Found a shimmering altar of Xom.
  3428 | D:4      | Found a white marble altar of Elyvilon.
  3497 | D:5      | Entered Level 5 of the Dungeon
  3529 | D:5      | Found a glowing silver altar of Zin.
  3665 | D:2      | Reached XP level 7. HP: 60/60 MP: 7/7
  3715 | D:2      | Found a burning altar of Makhleb.
  4025 | D:5      | Found Poboint's Assorted Antiques.
  4102 | D:5      | Bought a scroll labeled LAYNIB TAHY for 20 gold pieces
  4102 | D:5      | Bought a scroll labeled HATARU JUSKENI for 20 gold pieces
  4102 | D:5      | Bought a scroll of identify for 40 gold pieces
  4102 | D:5      | Bought a moonstone ring for 100 gold pieces
  4263 | D:5      | Bought a wand of flame (28) for 20 gold pieces
  4414 | D:5      | Reached XP level 8. HP: 25/67 MP: 9/9
  4650 | D:5      | Reached skill level 7 in Axes
  5593 | D:6      | Found a bloodstained altar of Trog.
  5660 | D:6      | Reached skill level 5 in Armour
  5857 | D:6      | Found an iron altar of Okawaru.
  6150 | D:6      | Found a radiant altar of Vehumet.
  6392 | D:6      | Got a transparent chain mail
  6403 | D:6      | Identified the +1 chain mail "Guiheragg" {rElec Str+2
                  | Int+3} (You found it on level 6 of the Dungeon)
  6480 | D:6      | Reached skill level 8 in Axes
  6485 | D:6      | Reached XP level 9. HP: 65/73 MP: 12/12
  7303 | D:7      | Found a staircase to the Ecumenical Temple.
  7324 | Temple   | Entered the Ecumenical Temple
  7366 | Temple   | Became a worshipper of the Shining One
  7482 | D:7      | Reached skill level 9 in Axes
  7649 | D:7      | Found a flagged portal.
  7653 | Bailey   | Entered a bailey
  8703 | D:7      | Found an ornate altar of the Wu Jian Council.
  8922 | D:7      | Noticed Harold
  8962 | D:6      | Killed Harold
  8962 | D:6      | Reached skill level 10 in Axes
  8962 | D:6      | Reached XP level 10. HP: 34/80 MP: 13/13
  9261 | D:7      | Found an opulent altar of Gozag.
 10071 | D:8      | Found a staircase to the Lair.
 10739 | D:8      | Noticed a two-headed ogre
 10749 | D:8      | Killed a two-headed ogre
 10813 | D:8      | Noticed Jessica
 10825 | D:8      | Killed Jessica
 10837 | D:8      | Found a deep blue altar of Sif Muna.
 10987 | D:9      | Found a hide-covered altar of Uskayaw.
 10987 | D:9      | Reached * piety under the Shining One
 11119 | D:8      | Reached skill level 5 in Fighting
 12094 | D:8      | Reached XP level 11. HP: 70/97 MP: 14/14
 12524 | D:10     | Entered Level 10 of the Dungeon
 13010 | D:10     | Found a roughly hewn altar of Beogh.
 13476 | Lair:1   | Entered Level 1 of the Lair of Beasts
 13491 | D:8      | Reached skill level 5 in Evocations
 13877 | D:8      | Reached skill level 10 in Armour
 14046 | Lair:2   | Noticed an oklob plant
 14046 | Lair:2   | Noticed an oklob plant
 14046 | Lair:2   | Noticed an oklob plant
 14052 | Lair:1   | Reached ** piety under the Shining One
 16194 | Lair:1   | Reached XP level 12. HP: 29/110 MP: 16/16
 16701 | Lair:2   | Identified a scroll of acquirement
 16850 | Lair:2   | Found a staircase to the Shoals.
 16873 | Lair:2   | Reached skill level 11 in Axes
 17106 | Lair:2   | Noticed an eight-headed hydra
 17111 | Lair:2   | Killed an eight-headed hydra
 17111 | Lair:2   | Reached skill level 5 in Dodging
 17388 | Lair:2   | Reached skill level 12 in Axes
 18059 | Lair:2   | Noticed a queen ant
 18076 | Lair:2   | Killed a queen ant
 18612 | Lair:3   | Reached skill level 13 in Axes
 18725 | Lair:3   | Gained mutation: You can use your snake-like lower body to
                  | constrict enemies. [Naga growth]
 18725 | Lair:3   | Reached XP level 13. HP: 65/117 MP: 17/17
 18737 | Lair:3   | Reached skill level 14 in Axes
 19151 | Lair:3   | Found a staircase to the Snake Pit.
 20353 | Lair:4   | Reached *** piety under the Shining One
 20673 | Lair:4   | Reached skill level 15 in Axes
 22404 | Lair:5   | Reached skill level 16 in Axes
 22510 | Lair:5   | Found a staircase to the Slime Pits.
 22698 | Lair:6   | Entered Level 6 of the Lair of Beasts
 23063 | Lair:6   | Reached XP level 14. HP: 35/127 MP: 18/18
 24622 | Lair:6   | Reached **** piety under the Shining One
 24710 | Lair:6   | Found a burning altar of Makhleb.
 25133 | Lair:6   | Found a gateway to Hell.
 25560 | Lair:2   | HP: 1/129 [shambling mangrove (27)]
 26567 | D:4      | Killed mortelune's ghost
 26701 | D:11     | Noticed Snorg
 26708 | D:11     | Found a staircase to the Orcish Mines.
 26925 | D:11     | Reached ***** piety under the Shining One
 26966 | D:11     | Killed Snorg
 27044 | D:11     | Reached skill level 10 in Fighting
 27307 | D:11     | Got a faintly humming ring mail
 27318 | D:11     | Identified the +2 ring mail of Waqupp {Int+2 Slay+3} (You
                  | found it on level 11 of the Dungeon)
 27674 | Orc:1    | Entered Level 1 of the Orcish Mines
 27693 | Orc:1    | Noticed Jorgrun
 27702 | Orc:1    | Killed Jorgrun
 27889 | Orc:1    | Reached skill level 17 in Axes
 28247 | Orc:1    | Noticed Erolcha
 28256 | Orc:1    | Killed Erolcha
 28706 | Orc:2    | Entered Level 2 of the Orcish Mines
 28706 | Orc:2    | Found a burning altar of Makhleb.
 28726 | Orc:2    | Reached XP level 15. HP: 138/138 MP: 19/19
 28778 | Orc:2    | Found a staircase to the Elven Halls.
 29061 | Orc:2    | Reached skill level 1 in Invocations
 29200 | Orc:2    | Noticed Azrael
 29212 | Orc:2    | Killed Azrael
 30237 | Orc:2    | Reached ****** piety under the Shining One
 30737 | Orc:2    | Reached skill level 5 in Invocations
 30768 | Orc:2    | Reached skill level 18 in Axes
 30866 | Orc:2    | Found Radacs's Magic Scroll Shop.
 30866 | Orc:2    | Found Oresaut's Jewellery Shop.
 30873 | Orc:2    | Found Giunow's Food Shop.
 30873 | Orc:2    | Found Kerhiz's Armour Boutique.
 30882 | Orc:2    | Bought a scroll of teleportation for 54 gold pieces
 30882 | Orc:2    | Bought a scroll of teleportation for 54 gold pieces
 31003 | Orc:2    | Bought a scroll of enchant weapon for 135 gold pieces
 31003 | Orc:2    | Bought a scroll of identify for 36 gold pieces
 31003 | Orc:2    | Bought a scroll of identify for 36 gold pieces
 31003 | Orc:2    | Bought a scroll of identify for 36 gold pieces
 31008 | Orc:2    | Bought an uncursed ring of protection from magic for 425
                  | gold pieces
 31008 | Orc:2    | Bought a +5 ring of evasion for 935 gold pieces
 31358 | D:12     | Noticed Nessos
 31365 | D:12     | Killed Nessos
 31570 | D:12     | Got a pair of crude gloves
 31581 | D:12     | Identified the cursed +0 pair of gloves of Qaisir {SInv
                  | Stlth+} (You found it on level 12 of the Dungeon)
 31779 | D:13     | Found a runed translucent gate.
 31781 | D:13     | Found a runed translucent gate.
 31784 | D:13     | Found a runed translucent gate.
 31805 | D:13     | Noticed Lanoc's ghost (journeyman HOGl)
 32362 | D:13     | Killed Lanoc's ghost
 32576 | D:13     | You are sucked into a shaft for 2 floors!
 32576 | D:15     | Entered Level 15 of the Dungeon
 32612 | D:15     | Found a staircase to the Depths.
 33138 | D:14     | Reached XP level 16. HP: 138/146 MP: 21/21
 33765 | D:13     | Got the ring "Xoonyfe" {Fire}
 33770 | D:13     | Identified the ring "Xoonyfe" {Fire SInv} (You found it on
                  | level 13 of the Dungeon)
 33845 | D:13     | Found Femaokk's Antique Armour Shoppe.
 33853 | D:13     | Bought a runed hat for 210 gold pieces
 34228 | D:14     | Found a gate to the Vaults.
 34304 | D:14     | Reached skill level 19 in Axes
 35391 | D:15     | Reached skill level 10 in Dodging
 35947 | Snake:1  | Entered Level 1 of the Snake Pit
 35961 | Snake:1  | Found Geluw's General Store.
 35963 | Snake:1  | Noticed Aizul
 35976 | Snake:1  | Killed Aizul
 36068 | Snake:1  | Bought a scroll of teleportation for 45 gold pieces
 36068 | Snake:1  | Bought a potion of curing for 45 gold pieces
 36077 | Snake:1  | Found Deirukhecvar's Gadget Boutique.
 36366 | Snake:1  | Found Mejiaq's Book Shoppe.
 36565 | Snake:1  | Found Xareidaulo's General Store.
 36596 | Snake:1  | Bought a scroll of fog for 30 gold pieces
 36600 | Snake:1  | Found Fegyed's Magic Scroll Emporium.
 36732 | Snake:1  | Noticed Donald
 36738 | Snake:1  | Reached skill level 20 in Axes
 36741 | Snake:1  | Killed Donald
 37272 | Snake:2  | Found Jocs's Antique Armour Shoppe.
 37272 | Snake:2  | Found Jelyps's Gadget Emporium.
 37284 | Snake:2  | Bought a pair of encrusted gloves for 332 gold pieces
 37285 | Snake:2  | Identified the +1 pair of gloves "Veoclu" {Int+3} (You
                  | bought it in a shop on level 2 of the Snake Pit)
 37363 | Snake:2  | Reached XP level 17. HP: 107/153 MP: 22/22
 37616 | Snake:1  | Learned a level 1 spell: Apportation
 37618 | Snake:1  | Learned a level 1 spell: Summon Butterflies
 37621 | Snake:1  | Learned a level 2 spell: Blink
 37625 | Snake:1  | Learned a level 3 spell: Lesser Beckoning
 37629 | Snake:1  | Learned a level 3 spell: Spectral Weapon
 37632 | Snake:1  | Learned a level 2 spell: Song of Slaying
 37662 | Snake:2  | Found a hide-covered altar of Uskayaw.
 39868 | Snake:3  | Noticed Vashnia
 39911 | Snake:3  | Killed Vashnia
 40919 | Snake:3  | Noticed Asterion
 40935 | Snake:3  | Killed Asterion
 41731 | Snake:4  | Entered Level 4 of the Snake Pit
 42119 | Snake:4  | Reached skill level 10 in Invocations
 42357 | Snake:4  | Reached XP level 18. HP: 165/165 MP: 25/25
 44869 | Shoals:1 | Entered Level 1 of the Shoals
 44955 | Shoals:1 | Got a pitted trident
 44957 | Shoals:1 | Found Vuoton's Antique Weapon Shoppe.
 44969 | Shoals:1 | Found Weapadan's General Store.
 45019 | Shoals:1 | Found a frozen archway.
 45037 | IceCv    | Entered an ice cave
 45814 | Shoals:1 | Found a runed translucent door.
 45819 | Shoals:1 | Noticed Ysiri's ghost (adept FeEE)
 45829 | Shoals:1 | Killed Ysiri's ghost
 46236 | Shoals:1 | Bought a potion of resistance for 160 gold pieces
 48459 | Shoals:3 | Reached XP level 19. HP: 119/177 MP: 27/27
 49354 | Shoals:3 | Got an iridescent trident
 50275 | Shoals:4 | Entered Level 4 of the Shoals
 50275 | Shoals:4 | Noticed Ilsuiw
 50808 | Shoals:4 | Killed Ilsuiw
 51889 | Shoals:4 | Got a barnacled rune of Zot
 53119 | Shoals:4 | Identified the +5 ring mail "Ogashr Coxe" {Int+5} (You
                  | found it on level 4 of the Shoals)
 53500 | Shoals:4 | Found a gateway to a bazaar.
 54294 | Elf:1    | Entered Level 1 of the Elven Halls
 54623 | Elf:1    | Noticed a Hell Sentinel
 54687 | Elf:1    | Identified the Disquisition on the Entourage
 54874 | Elf:1    | Reached XP level 20. HP: 189/189 MP: 29/29
 55120 | Elf:1    | Found Ovinus's General Store.
 55125 | Elf:1    | Bought 2 potions of heal wounds for 160 gold pieces
 55125 | Elf:1    | Bought a potion of agility for 64 gold pieces
 55811 | Elf:2    | Got a slimy copper ring
 55812 | Elf:2    | Identified the ring of Understanding {rN+ Str+3} (You found
                  | it on level 2 of the Elven Halls)
 55845 | Elf:2    | Found a radiant altar of Vehumet.
 56004 | Elf:2    | Found a runed translucent gate.
 56004 | Elf:2    | Found a runed translucent gate.
 56004 | Elf:2    | Found a runed translucent gate.
 56061 | Elf:3    | Entered Level 3 of the Elven Halls
 56540 | Elf:3    | Noticed Roxanne
 56606 | Elf:3    | Found a runed translucent gate.
 56606 | Elf:3    | Found a runed translucent gate.
 56609 | Elf:3    | Found a runed translucent gate.
 56611 | Elf:3    | Noticed barakagiga's ghost (adept GrBe)
 56638 | Elf:3    | Killed barakagiga's ghost
 56801 | Elf:3    | Killed Roxanne
 58732 | Elf:3    | Identified the ring of Agomu {+Blink rPois rC+}
 58845 | Elf:3    | Noticed Nikola
 58905 | Elf:3    | Reached XP level 21. HP: 160/200 MP: 31/31
 59156 | Elf:3    | Killed Nikola
 59347 | Elf:3    | Reached skill level 15 in Fighting
 60201 | Elf:3    | Found the +3 Elemental Staff {rElec rF++ rC++ MR++ AC+5}
 60214 | Elf:3    | Got an ichor-stained quarterstaff
 60220 | Elf:3    | Got a flickering turquoise ring
 60221 | Elf:3    | Identified the ring "Wownuiwi" {rF+ rC+ MR+} (You found it
                  | on level 3 of the Elven Halls)
 60242 | Elf:3    | Got a bronze chain mail
 60243 | Elf:3    | Identified the cursed +0 chain mail "Nojet" {MR- Regen+
                  | Str+2} (You found it on level 3 of the Elven Halls)
 60336 | Elf:3    | Identified the +1 ice dragon scales "Aruthopt" {+Fly rF-
                  | rC++ Str+2} (You found it on level 3 of the Elven Halls)
 61474 | Snake:4  | Learned a level 2 spell: Passwall
 62042 | Snake:4  | Got a serpentine rune of Zot
 63365 | Snake:4  | Reached skill level 15 in Armour
 63450 | Snake:4  | Reached skill level 15 in Dodging
 63847 | Vaults:1 | Entered Level 1 of the Vaults
 63878 | Vaults:1 | Reached skill level 1 in Spellcasting
 64359 | Vaults:1 | Got a slimy shortbow
 64414 | Vaults:1 | Reached XP level 22. HP: 189/210 MP: 32/32
 65113 | Vaults:1 | Reached skill level 5 in Spellcasting
 68014 | Vaults:3 | Reached skill level 10 in Spellcasting
 68028 | Vaults:3 | Reached skill level 1 in Translocations
 68092 | Vaults:3 | Found a staircase to the Crypt.
 68684 | Vaults:3 | Reached skill level 5 in Translocations
 69051 | Vaults:3 | Found Defalyke's Magic Scroll Shoppe.
 69076 | Vaults:3 | Got a smoking lajatang
 69557 | Vaults:3 | Reached XP level 23. HP: 217/217 MP: 37/37
 70773 | Vaults:4 | Reached skill level 10 in Translocations
 71067 | Vaults:4 | Reached skill level 1 in Hexes
 71067 | Vaults:4 | Reached skill level 1 in Charms
 71067 | Vaults:4 | Reached skill level 1 in Summonings
 71067 | Vaults:4 | Reached skill level 1 in Transmutations
 71067 | Vaults:4 | Reached skill level 1 in Earth Magic
 72996 | Bazaar   | Entered a bazaar
 72996 | Bazaar   | Found Fenow's Gadget Emporium.
 72996 | Bazaar   | Found Luoph's Antique Weapon Emporium.
 73014 | Bazaar   | Found Hasadal's General Store.
 73041 | Bazaar   | Found Tuczesed's Magic Scroll Shoppe.
 73049 | Bazaar   | Found Ranotodd's Antique Armour Shoppe.
 73057 | Bazaar   | Bought a pair of ancient gloves for 285 gold pieces
 73057 | Bazaar   | Bought a runed cloak for 225 gold pieces
 73070 | Bazaar   | Identified the +1 pair of gloves "Nymuar" {Regen+ Str-2
                  | Int+4} (You bought it in a shop in a bazaar)
 73102 | Bazaar   | Bought a scroll of acquirement for 728 gold pieces
 73102 | Bazaar   | Bought a scroll of identify for 28 gold pieces
 73102 | Bazaar   | Bought a scroll of identify for 28 gold pieces
 73102 | Bazaar   | Bought a scroll of identify for 28 gold pieces
 73102 | Bazaar   | Bought a scroll of identify for 28 gold pieces
 73102 | Bazaar   | Bought a scroll of fog for 28 gold pieces
 73102 | Bazaar   | Bought a scroll of magic mapping for 49 gold pieces
 73102 | Bazaar   | Bought a scroll of immolation for 49 gold pieces
 73138 | Bazaar   | Bought a box of beasts for 280 gold pieces
 73149 | Bazaar   | Bought a scroll of identify for 20 gold pieces
 73607 | Vaults:3 | Bought a scroll of acquirement for 988 gold pieces
 73637 | Vaults:3 | Found the +3 pair of gauntlets of War {Slay+5}
 73669 | Vaults:3 | Bought a scroll of enchant weapon for 142 gold pieces
 73669 | Vaults:3 | Bought a scroll of magic mapping for 66 gold pieces
 73834 | Depths:1 | Entered Level 1 of the Depths
 74499 | Depths:1 | Found a runed translucent gate.
 74499 | Depths:1 | Found a runed translucent gate.
 74500 | Depths:1 | Found a runed translucent gate.
 74502 | Depths:1 | Noticed an ancient lich
 74503 | Depths:1 | Noticed Yket's ghost (veteran GrBe)
 74512 | Depths:1 | Killed an ancient lich
 74532 | Depths:1 | Killed Yket's ghost
 74551 | Depths:1 | Got an ancient scimitar
 75171 | Depths:1 | Found a portal to a secret trove of treasure.
 75811 | Depths:1 | Paralysed by a floating eye for 2 turns
 75815 | Depths:1 | Paralysed by a floating eye for 2 turns
 76031 | Depths:1 | You are sucked into a shaft!
 76085 | Depths:2 | Reached XP level 24. HP: 225/225 MP: 37/37
 76089 | Depths:2 | Reached skill level 5 in Summonings
 76094 | Depths:2 | Reached skill level 5 in Hexes
 76094 | Depths:2 | Reached skill level 5 in Charms
 76094 | Depths:2 | Reached skill level 5 in Earth Magic
 76117 | Depths:2 | Reached skill level 5 in Transmutations
 76671 | Depths:2 | Found a gateway to a ziggurat.
 78009 | Depths:2 | Found Qergh's Jewellery Boutique.
 78550 | Depths:3 | Reached skill level 10 in Evocations
 79855 | Depths:3 | Found a one-way gate leading to the halls of Pandemonium.
 80093 | Depths:3 | You fall through a shaft for 2 floors!
 80093 | Depths:5 | Entered Level 5 of the Depths
 80347 | Depths:4 | Reached skill level 21 in Axes
 81126 | Depths:4 | Reached XP level 25. HP: 131/232 MP: 37/37
 81420 | Depths:4 | Got a fine plate armour
 81422 | Depths:4 | Identified the cursed +0 plate armour of the Well-Known
                  | Realms {rElec rN+++ Dex-4 Stlth-} (You found it on level 4
                  | of the Depths)
 81690 | Depths:4 | Found a runed translucent door.
 81700 | Depths:4 | Noticed Mennas
 81717 | Depths:4 | Killed Mennas
 81979 | Depths:4 | Reached skill level 22 in Axes
 82615 | Depths:4 | Noticed a juggernaut
 82625 | Depths:4 | Noticed Margery
 83183 | Depths:4 | Killed a juggernaut
 83215 | Depths:4 | Mangled by a white very ugly thing

Levels and vault maps discovered:
D:1:      shiori_shiawase, layout_loops_ring, serial_glass, glass_columns_a,
          glass_columns_b, minmay_tromino_v4_c
D:2:      layout_basic, lemuel_doored_altar, lightli_temple_of_fire
D:3:      layout_rooms, chequers_ecumenical_altar_simple_redux
D:4:      layout_rooms, kennysheep_ying_yang, xom_redecorated, first_ration,
          gammafunk_ghost_nasty_kobolds, serial_shops, kennysheep_mini_moat
D:5:      layout_rooms, kennysheep_little_box, serial_shops,
          nicolae_shop_overgrown_old_shop
D:6:      old_forge, layout_layer_cave, kennysheep_mini, old_standard_altar,
          vehumet_altar_wand_db, nrook_loot_triangle
D:7:      layout_basic, temple_statues, basic_altar, enter_bailey_1,
          grunt_ogre_cave, nicolae_gozag_seed_capital, uniq_harold
D:8:      layout_loops_ring, tgw_sif, erik_lair_orcish_takeover
D:9:      layout_rooms, old_standard_altar
D:10:     layout_roguey [special_room_orc]
D:11:     layout_cross, orc_0_dummy, uniq_snorg
D:12:     layout_cave_pools, uniq_nessos
D:13:     layout_roguey, gammafunk_ghost_icy, serial_shops, shop
D:14:     layout_roguey, hangedman_vaults_entry_quadrant_bands
D:15:     gammafunk_depths_entry_grave, layout_rooms,
          hangedman_abyss_or_decor_lesser_grid
Temple:   cyrus_temple_forest
Lair:1:   layout_gridlike, gauntlet_entry_generic, hibernation_bobbens,
          infiniplex_staircase_pool, serial_bayou_shore_a
Lair:2:   layout_cave_pods, minmay_shoals_entry_lonely_mermaid,
          zaba_antful_of_joy, serial_bayou_shore_b, minmay_lair_oklob_chamber
Lair:3:   layout_small_grid, dummy_snake_entry, grunt_megastairs_3
Lair:4:   layout_cave_pods, grunt_forest_stairs_clearing
Lair:5:   layout_cave_pods, minmay_slime_entry_pillars, lemuel_fruit_fields,
          grunt_megastairs_5
Lair:6:   evil_forest, layout_regular_city, lemuel_fruit_fields
Shoals:1: layout_shoals, portal_ice_cave_entry_pillars_four, serial_shops, shop,
          ebering_ghost_inner_flame, nicolae_shoals_c_island
Shoals:2: layout_shoals
Shoals:3: cheibrodos_shoals_oceanic_diplomacy, layout_shoals
Shoals:4: shoals_end_simple, layout_shoals, shoal_ilsuiw, serial_shops,
          bzr_entry_safe, nicolae_shoals_isolated_beach
Snake:1:  layout_grid_shapes, serial_shops, shop_fountains, nicolae_shop_stone,
          shop, nicolae_shop_waterfront, shop_fountains, serial_bayou_shore_b,
          uniq_aizul, uniq_donald
Snake:2:  layout_layer_cave, basic_altar, nicolae_snake_round_shape_thing,
          minmay_shoptagon
Snake:3:  layout_basic, uniq_asterion, uniq_vashnia
Snake:4:  grunt_snake_rune_spirals, layout_onion, eino_curves_01,
          nrook_guardian_serpent_ordinary
Orc:1:    lemuel_ogre_cave, layout_diamond_mine, serial_shops, shop,
          uniq_jorgrun
Orc:2:    st_orc_pillars, layout_diamond_mine, bloody_makhleb, uniq_azrael
Elf:1:    minmay_elf_arrival_plus, layout_gridlike, serial_shops, shop,
          minmay_elf_demonology, columned_hall_lemuel
Elf:2:    layout_geoelf_octagon, basic_altar
Elf:3:    minmay_elf_hall_hex, layout_gridlike, ebering_ghost_rock_garden,
          uniq_nikola, uniq_roxanne
Vaults:1: nicolae_vaults_stairing_the_circle, ontoclasm_vaults_twist, v_misc_32,
          nicolae_vaults_yaktaur_gun_rack, nicolae_vaults_know_your_exits,
          vaults_standard_mumra_lines, nicolae_vaults_mini_display_case,
          layout_vaults_chaotic_city
Vaults:2: nicolae_vaults_little_squares_2, nicolae_vaults_network_star,
          v_misc_19, ontoclasm_vaults_ring_square,
          nicolae_vaults_little_squares_4, nicolae_vaults_quadrants,
          vaults_room_door_hall, nicolae_vaults_ring_of_whatevers, v_misc_3,
          vaults_dpeg_encased_lava, layout_vaults_omnigrid
Vaults:3: hangedman_vaults_cutoff, nicolae_vaults_network_s,
          vaults_dpeg_diagonal, minmay_crypt_entry_skeletal_spiral,
          ontoclasm_vaults_idyll, ontoclasm_vaults_bender,
          nicolae_vaults_little_ls, hangedman_vaults_stitches,
          hangedman_vaults_capsules, v_misc_18, grunt_vaults_diagonal,
          vaults_standard_mumra_enter_the_diamond, grunt_vaults_hallway_short,
          hangedman_vaults_corner_blocks, layout_vaults_ring, serial_shops, shop
Vaults:4: hangedman_vaults_slither, v_misc_5, nicolae_vaults_network_quincunx
          [nicolae_vaults_network_quincunx_subvault,
          nicolae_vaults_network_quincunx_subvault,
          nicolae_vaults_network_quincunx_subvault,
          nicolae_vaults_network_quincunx_subvault,
          nicolae_vaults_network_quincunx_subvault], grunt_vaults_bifocal,
          ontoclasm_vaults_ring_large, vaults_room_grid, vaults_room_hallway,
          ontoclasm_vaults_idyll, vaults_dpeg_spiral, ontoclasm_vaults_chip,
          v_misc_8, vaults_mumra_hex, nicolae_vaults_little_squares_1,
          grunt_vaults_hallway_long, layout_vaults_omnibox
Depths:1: layout_roguey, enter_trove_1, gammafunk_ghost_necromancy, hell_entry,
          minislime_mu
Depths:2: evilmike_lava_path, layout_gridlike, enter_ziggurat_d, serial_shops,
          nicolae_shop_window_shopping, nicolae_two_hexagons,
          grunt_mini_vestibule, chequers_big_river
Depths:3: kennysheep_big_flooded_room, layout_basic,
          chequers_serial_rivers_small_a, special_room
          [special_room_mythical_zoo], rand_demon_pan_entry_1, hell_entry,
          lemuel_old_faithful, minmay_staircase_bubble
Depths:4: box_level_dp, hell_entry, pan_entry, abyss_entry, uniq_mennas,
          uniq_margery
Depths:5: grunt_zot_entry_gee_three, layout_honeycomb, hell_entry, serial_shops,
          shop, nicolae_wwwww, minmay_mirror_moons_of_madness
Bazaar:   bazaar_lake
Bailey:   bailey_axe_2, bailey
IceCv:    ice_cave_small_demon

Skill      XL: |  1  2  3  4  5  6  7  8  9 10 11 12 13 14 15 16 17 18 19 20 21 22 23 24 25 |
---------------+----------------------------------------------------------------------------+-----
Axes           | 4 5 6 8 10 13 16 17 18 20 21 22 | 22.0
Armour         | 1 2 3 4 5 7 9 10 11 12 13 15 | 15.5
Evocations     | 2 4 6 7 8 10 | 10.0
Fighting       | 5 8 10 11 12 13 14 15 | 15.8
Dodging        | 4 5 8 10 11 12 13 15 | 15.5
Invocations    | 7 10 11 13 14 | 14.0
Spellcasting   | 3 10 | 10.0
Translocations | 7 10 | 10.0
Hexes          | 4 6 |  6.0
Charms         | 4 6 |  6.0
Summonings     | 4 5 |  5.0
Transmutations | 4 6 |  6.0
Earth Magic    | 4 6 |  6.0
Throwing       | |  1.7

Action                   |  1- 3 |  4- 6 |  7- 9 | 10-12 | 13-15 | 16-18 | 19-21 | 22-24 | 25-27 || total
-------------------------+-------+-------+-------+-------+-------+-------+-------+-------+-------++-------
Melee: War axe           |   134 |   103 |   423 |   547 |     3 |     5 |       |       |       ||  1215
       Executioner's axe |       |       |       |    99 |   810 |   986 |  1044 |  1324 |   216 ||  4479
       Constrict         |       |       |       |       |   184 |   241 |   241 |   200 |    26 ||   892
       Long sword        |       |       |       |       |    14 |       |       |       |       ||    14
Throw: Throwing net      |       |     3 |     6 |     4 |     1 |     1 |     3 |       |       ||    18
 Cast: Spectral Weapon   |       |       |       |       |       |       |       |       |     8 ||     8
       Song of Slaying   |       |       |       |       |       |       |       |       |     2 ||     2
Invok: Divine Shield     |       |       |       |       |     1 |       |     1 |    10 |     1 ||    13
       Cleansing Flame   |       |       |       |       |       |       |       |    10 |       ||    10
 Abil: Spit Poison       |     1 |    18 |    18 |     3 |     1 |       |       |       |       ||    41
       Stop Flying       |       |       |       |       |       |     1 |       |       |       ||     1
       Evoke Flight      |       |       |       |       |       |     1 |       |       |       ||     1
Evoke: Wand              |       |     2 |    43 |    32 |    31 |     3 |     7 |    14 |       ||   132
       Phial of floods   |       |       |       |       |     2 |     2 |       |     1 |       ||     5
       Lamp of fire      |       |       |       |       |       |     2 |     1 |       |       ||     3
  Use: Scroll            |     1 |     8 |     6 |    15 |    16 |     5 |    14 |     5 |     7 ||    77
       Potion            |       |       |       |     2 |     2 |     3 |     4 |     1 |       ||    12
 Stab: Held in net/web   |       |     1 |       |       |       |       |       |       |       ||     1
  Eat: Chunk             |     1 |     6 |    16 |    16 |     8 |    12 |     7 |    20 |       ||    86
       Ration            |       |       |       |     4 |    11 |    10 |     9 |     8 |       ||    42
Armor: Leather armour    |    12 |       |       |       |       |       |       |       |       ||    12
       Ring mail         |    10 |       |       |       |   177 |   116 |   409 |   592 |   121 ||  1425
       Scale mail        |    55 |    30 |       |       |       |       |       |       |       ||    85
       Chain mail        |    33 |    32 |   249 |   397 |   322 |   320 |    23 |       |       ||  1376
       Ice dragon scales |       |       |       |       |       |     1 |       |       |       ||     1
Dodge: Dodged            |    37 |    21 |   206 |   358 |   606 |  1131 |  1172 |  1681 |   263 ||  5475
Block: Large shield      |    71 |    15 |       |       |       |       |       |       |       ||    86
       Buckler           |       |    20 |    61 |       |       |       |       |       |       ||    81
       Other             |       |       |       |       |     2 |       |    10 |   127 |    17 ||   156
       Rpst.: Long sword |       |       |       |       |     2 |       |       |       |       ||     2

Table legend:
 A = Non-vault XP
 B = Vault XP
 C = Vault XP percentage of total XP
 D = Non-vault monster count
 E = Vault monster count
 F = Vault count percentage of total count
                 A         B        C        D         E       F
            +---------+---------+-------+---------+---------+-------
      Total |  543220 |  521939 |  49.0 |    1280 |     870 |  40.5
            +---------+---------+-------+---------+---------+-------
        D:1 |      77 |       2 |   2.5 |      32 |       2 |   5.9
        D:2 |     216 |       0 |   0.0 |      17 |       0 |   0.0
        D:3 |      50 |       0 |   0.0 |      15 |       0 |   0.0
        D:4 |     633 |     327 |  34.1 |      14 |       9 |  39.1
        D:5 |     661 |       0 |   0.0 |      29 |       0 |   0.0
        D:6 |     584 |    1506 |  72.1 |      20 |      13 |  39.4
        D:7 |     838 |     281 |  25.1 |      17 |       2 |  10.5
        D:8 |    4641 |     533 |  10.3 |      28 |       9 |  24.3
        D:9 |     341 |       0 |   0.0 |       7 |       0 |   0.0
       D:10 |    1198 |     490 |  29.0 |      12 |      25 |  67.6
       D:11 |    4868 |    1112 |  18.6 |      32 |       1 |   3.0
       D:12 |    2477 |    1334 |  35.0 |      21 |       1 |   4.5
       D:13 |    8202 |    3004 |  26.8 |      26 |      11 |  29.7
       D:14 |   15181 |    6120 |  28.7 |      38 |      19 |  33.3
       D:15 |   17321 |    4213 |  19.6 |      53 |       8 |  13.1
     Lair:1 |    6775 |     397 |   5.5 |      32 |       1 |   3.0
     Lair:2 |    4642 |    5959 |  56.2 |      16 |      35 |  68.6
     Lair:3 |    3957 |    2185 |  35.6 |      19 |      11 |  36.7
     Lair:4 |    6459 |     975 |  13.1 |      22 |       6 |  21.4
     Lair:5 |    5635 |    2205 |  28.1 |      22 |      10 |  31.2
     Lair:6 |    8524 |    8010 |  48.4 |      25 |      26 |  51.0
   Shoals:1 |   18418 |    2723 |  12.9 |      34 |       2 |   5.6
   Shoals:2 |   17151 |       0 |   0.0 |      31 |       0 |   0.0
   Shoals:3 |   13441 |    8722 |  39.4 |      26 |      16 |  38.1
   Shoals:4 |   16761 |   24048 |  58.9 |      37 |      41 |  52.6
    Snake:1 |   13292 |    3631 |  21.5 |      28 |       2 |   6.7
    Snake:2 |   23072 |       0 |   0.0 |      38 |       0 |   0.0
    Snake:3 |   22539 |   10462 |  31.7 |      50 |       5 |   9.1
    Snake:4 |   29006 |   59879 |  67.4 |      53 |      94 |  63.9
      Orc:1 |     420 |   11151 |  96.4 |       4 |      22 |  84.6
      Orc:2 |    5329 |   15359 |  74.2 |      42 |      75 |  64.1
      Elf:1 |   20893 |    5247 |  20.1 |      34 |       8 |  19.0
      Elf:2 |    7696 |   23910 |  75.7 |      14 |      31 |  68.9
      Elf:3 |   23709 |   70892 |  74.9 |      35 |      43 |  55.1
   Vaults:1 |   16506 |   13369 |  44.7 |      37 |      25 |  40.3
   Vaults:2 |   27913 |   13919 |  33.3 |      42 |      24 |  36.4
   Vaults:3 |   35160 |   31841 |  47.5 |      59 |      57 |  49.1
   Vaults:4 |   16593 |   23784 |  58.9 |      31 |      42 |  57.5
   Depths:1 |   35569 |   23677 |  40.0 |      59 |      27 |  31.4
   Depths:2 |   29628 |   30772 |  50.9 |      39 |      26 |  40.0
   Depths:3 |   34496 |   18151 |  34.5 |      36 |      22 |  37.9
   Depths:4 |   38446 |   86076 |  69.1 |      45 |      62 |  57.9
   Depths:5 |    3902 |       0 |   0.0 |       9 |       0 |   0.0
     Bailey |       0 |     348 | 100.0 |       0 |      34 | 100.0
      IceCv |       0 |    5325 | 100.0 |       0 |      23 | 100.0
            +---------+---------+-------+---------+---------+-------
